 Dungeon Crawl Stone Soup version 0.22.0 (webtiles) character file.

18 GroovyGamera the Shield-Bearer (level 2, -8/21 HPs)
             Began as an Octopode Fighter on Dec 1, 2018.
             Mangled by an ogre
             ... wielding a +0 giant club
              (12 damage)
             ... on level 2 of the Dungeon.
             The game lasted 00:01:33 (760 turns).

GroovyGamera the Shield-Bearer (Octopode Fighter)    Turns: 760, Time: 00:01:34

Health: -8/21      AC:  1    Str: 15    XL:     2   Next: 70%
Magic:  2/2        EV: 11    Int: 10    God:
Gold:   6          SH:  8    Dex: 11    Spells: 1/1 levels left

rFire    . . .     SeeInvis .   a - +0 war axe
rCold    . . .     Gourm    .   b - +0 shield
rNeg     . . .     Faith    .   (helmet restricted)
rPois    .         Spirit   .   (no amulet)
rElec    .         Reflect  .   (no ring)
rCorr    .         Harm     .   (no ring)
MR       .....                  (no ring)
Stlth    ++........             (no ring)
HPRegen  0.07/turn              (no ring)
MPRegen  0.08/turn              (no ring)
                                (no ring)
                                (no ring)

@: no status effects
A: almost no armour, stealthy swim, amphibious, 8 rings, constrict 8, camouflage
1, gelatinous body 1
a: no special abilities


You were on level 2 of the Dungeon.
You were not hungry.

You visited 1 branch of the dungeon, and saw 2 of its levels.

You collected 6 gold pieces.

Inventory:

Hand Weapons
 a - a +0 war axe (weapon)
 i - a +0 hunting sling
Missiles
 h - 15 poisoned needles
Armour
 b - a +0 shield (worn)
Scrolls
 e - a scroll of fog {unknown}
 g - a scroll of immolation {unknown}
 k - a scroll of fear {unknown}
 l - a scroll of amnesia {unknown}
 n - a scroll of identify {unknown}
 o - a scroll of teleportation {unknown}
Potions
 c - a potion of might
 f - 2 potions of curing {unknown}
 m - 2 potions of flight {unknown}
 p - 2 potions of agility {unknown}
Comestibles
 d - 5 rations
 j - 3 chunks of flesh


   Skills:
 + Level 3.2 Fighting
 * Level 2.6 Axes
 - Level 3.0 Dodging
 + Level 3.2 Shields


You had one spell level left.
You didn't know any spells.
Your spell library was empty.

Dungeon Overview and Level Annotations

Branches:
Dungeon (2/15)

Altars:


Innate Abilities, Weirdness & Mutations

You cannot wear most types of armour.
You are very stealthy in the water. (Stealth+)
You are amphibious.
You can wear up to eight rings at the same time.
You can use your tentacles to constrict eight enemies at once.
Your skin changes colour to match your surroundings (Stealth+).
Your rubbery body absorbs attacks. (AC +1, EV +1)


Message History

You climb downwards.
A frilled lizard comes into view.
The frilled lizard hisses angrily.
Found 12 gold pieces.
Found a stone staircase leading up.
There is a stone staircase leading up here.
An ogre and a crimson imp come into view.
A frilled lizard comes into view.
The frilled lizard hisses angrily.
An adder comes into view.
You block the frilled lizard's attack.
Your shield prevents you from hitting the ogre.
You miss the frilled lizard.
The crimson imp shouts!
The ogre hits you with a giant club!
Ouch! That really hurt!
* * * LOW HITPOINT WARNING * * *
The frilled lizard closely misses you.
The crimson imp blinks!
The ogre hits you with a giant club!
Ouch! That really hurt!
You die...

.# ... .# ... .#
.... .# ..... .#
.....#### .#
..S.....###.#
#....O.#.<.####.
#ยง..l@..........
....l.......<.##..
........$.....#
###..##..........
.... ##......#..
##5. .......#.##
#.. #.......# #
#.. #........


You could see an ogre, a crimson imp, an adder (wandering) and 2 frilled
lizards.

Vanquished Creatures
  A leopard gecko (D:1)
  A giant cockroach (D:1)
  A goblin (D:1)
  4 hobgoblins (D:1)
  2 jackals (D:1)
  2 bats (D:1)
  2 frilled lizards (D:1)
  2 kobolds (D:1)
  2 rats (D:1)
17 creatures vanquished.

Notes
Turn   | Place    | Note
-------+----------+-------------------------------------------
     0 | D:1      | GroovyGamera the Octopode Fighter began the quest for the Orb.
     0 | D:1      | Reached XP level 1. HP: 16/16 MP: 1/1
   279 | D:1      | Reached XP level 2. HP: 21/21 MP: 2/2
   757 | D:2      | Noticed a crimson imp
   757 | D:2      | Noticed an ogre
   760 | D:2      | Mangled by an ogre

Action                   || total
-------------------------++-------
Melee: War axe           ||    28
       Constrict         ||     9
       Tentacles         ||     4
 Stab: Sleeping          ||     4
Armor: Skin              ||     7
Dodge: Dodged            ||    11
Block: Shield            ||    18
